 Dungeon Crawl Stone Soup version 0.30-b1-2-g02819fbbbe (webtiles) character file.

Game seed: 700898715374294618

3127 Mesmaeker13 the Fighter (level 9, 0/75 HPs)
             Began as a Barachi Hunter on Aug 22, 2023.
             Was a Believer of Fedhas.
             Slain by a wraith (9 damage)
             ... on level 9 of the Dungeon.
             The game lasted 00:11:55 (8785 turns).

Mesmaeker13 the Fighter (Barachi Hunter)            Turns: 8785, Time: 00:11:56

Health: 0/75       AC:  8    Str: 12    XL:     9   Next: 92%
Magic:  2/2        EV: 14    Int: 12    God:    Fedhas [**....]
Gold:   319        SH:  0    Dex: 18    Spells: 8/8 levels left

rFire   + . .        s - +7 war axe of Malaise {flame, +Blink rF+ rN+ MP-9 SInv}
rCold   + . .        (no shield)
rNeg    + . .        g - +2 leather armour {rC+}
rPois   .            (no helmet)
rElec   .            x - +0 cloak
rCorr   +            G - +0 pair of gloves
SInv    +            (no boots)
Will    .....        (no amulet)
Stlth   ++           d - ring of wizardry
HPRegen 0.32/turn    r - ring of resist corrosion
MPRegen 0.08/turn

%: wizardry (x1)
@: about to teleport, slowed, very slow
A: amphibious, slowness 1, strong legs 1, +LOS
a: Hop, Renounce Religion, Evoke Blink, Wall of Briars


You were on level 9 of the Dungeon.
You worshipped Fedhas.
Fedhas was pleased with you.
You visited 2 branches of the dungeon, and saw 10 of its levels.

You collected 445 gold pieces.
You spent 126 gold pieces at shops.

Inventory:

Hand Weapons
 a - a +0 shortbow
 c - a +0 long sword
 s - the +7 war axe of Malaise (weapon) {flame, +Blink rF+ rN+ MP-9 SInv}
   (You took it off a goblin on level 3 of the Dungeon)

   rF:        It protects you from fire.
   rN:        It protects you from negative energy.
   MP:        It affects your magic capacity (-9).
   SInv:      It lets you see invisible.
   +Blink:    It lets you blink.
Missiles
 o - 3 atropa-tipped darts
 q - a throwing net
 u - a curare-tipped dart
 O - 6 javelins
Armour
 g - a +2 leather armour of cold resistance (worn)
 x - a +0 cloak (worn)
 G - a +0 pair of gloves (worn)
Jewellery
 d - a ring of wizardry (left hand)
 r - a ring of resist corrosion (right hand)
 M - a ring of magical power
Wands
 w - a wand of paralysis (4)
 D - a wand of flame (3)
 H - a wand of quicksilver (16)
Scrolls
 b - 3 scrolls of immolation
 e - 2 scrolls of magic mapping
 h - 2 scrolls of fear {unknown}
 i - a scroll of enchant weapon {unknown}
 j - 2 scrolls of vulnerability
 l - 2 scrolls of noise {unknown}
 m - 2 scrolls of amnesia
 p - 3 scrolls of teleportation
 t - 2 scrolls of silence {unknown}
 y - a scroll of blinking {unknown}
 J - a scroll of enchant armour {unknown}
 K - a scroll of poison {unknown}
 L - a scroll of brand weapon {unknown}
Potions
 f - 2 potions of attraction {unknown}
 k - 3 potions of flight
 n - 2 potions of curing
 v - 3 potions of might {unknown}
 z - a potion of haste {unknown}
 A - a potion of heal wounds {unknown}
 B - a potion of degeneration {unknown}
 C - a potion of mutation {unknown}
 E - a potion of lignification {unknown}
 F - a potion of magic {unknown}
 I - a potion of invisibility {unknown}
 N - a potion of cancellation {unknown}


   Skills:
 + Level 8.7 Fighting
 - Level 5.2 Axes
 + Level 8.0 Ranged Weapons
 + Level 6.2 Armour
 - Level 5.1 Dodging
 - Level 0.8 Stealth
 + Level 3.1 Invocations


You had 8 spell levels left.
You didn't know any spells.
Your spell library contained the following spells:

 Spells                   Type           Power      Damage    Failure   Level
 Apportation              Tloc           0%         N/A       16%         1
 Necrotise                Necr           0%         1d4       16%         1
 Summon Small Mammal      Summ           0%         N/A       16%         1
 Gell's Gravitas          Tloc           0%         N/A       43%         3
 Ozocubu's Armour         Ice            0%         N/A       43%         3
 Portal Projectile        Hex/Tloc       0%         N/A       43%         3
 Malign Gateway           Summ/Tloc      0%         N/A       100%        7
 Ozocubu's Refrigeration  Ice            0%         4d7       100%        7


Dungeon Overview and Level Annotations

Branches:
Dungeon (9/15)             Temple (1/1) D:4
   Lair: D:8-11         Orc: D:9-12

Altars:
Ashenzari
Cheibriados
Dithmenos
Elyvilon
Fedhas
Gozag
Hepliaklqana
Makhleb
Nemelex Xobeh
Okawaru
Qazlal
Ru
Sif Muna
Trog
Uskayaw
Vehumet
Wu Jian
Xom
Yredelemnul
Zin

Shops:
D:2 [   D:3 [   D:6 *   D:9 [?*


Innate Abilities, Weirdness & Mutations

You are amphibious.
You cover ground slowly.
You can hop short distances.
You have an extended range of vision and can be seen from far away.


Message History

The bullfrog hits you.
The bullfrog gives a loud, deep croak!
You hit the bullfrog. You burn the bullfrog.
The bullfrog is almost dead.
The bullfrog hits you. The bullfrog closely misses you.
You slash the bullfrog! You burn the bullfrog.
You kill the bullfrog!
Fedhas appreciates your contribution to the ecosystem.
Your Ranged Weapons skill increases to level 8!
You hit the bullfrog. You burn the bullfrog.
The bullfrog is moderately wounded.
The bullfrog hits you but does no damage.
The bullfrog completely misses you.
You slash the bullfrog! You burn the bullfrog.
You kill the bullfrog!
Fedhas appreciates your contribution to the ecosystem.
You closely miss the wraith. The wraith hits you!
The wraith drains your vigour!
You feel yourself slow down.
You barely miss the wraith. The wraith misses you.
The wraith closely misses you.
You barely miss the wraith. The wraith hits you! x2
* * * LOW HITPOINT WARNING * * *
The wraith drains your vigour!
You feel as though you will be slow longer.
You are too injured to fight recklessly!
You slash the wraith! You burn the wraith.
The wraith is moderately damaged.
The wraith hits you!
* * * LOW HITPOINT WARNING * * *
The wraith drains your vigour!
You feel as though you will be slow longer.
The wraith hits you!
* * * LOW HITPOINT WARNING * * *
The wraith drains your vigour!
You feel as though you will be slow longer.
You feel better. The wraith barely misses you. The wraith closely misses you.
As you read the scroll of teleportation, it crumbles to dust.
You feel strangely unstable. The wraith hits you!
You die...
Fedhas appreciates your contribution to the ecosystem.

##....#
#..≈≈≈≈#.#≈≈≈≈..## #.####
##..≈≈≈#.#≈≈≈..# #.#
##...≈#.#≈...# #
###.......###### ..
###'##.#####..<. ....
#.......# #.... ....∩###
#.....[.####....
....>..)##.......'..#....
#W@).......##......
####.......####....
######'## ##### ###...# #
#...### # #.### # #.# #
###.######## #
##..........# #


You could see a wraith.

Vanquished Creatures
  A vampire (D:9)
  An acid dragon (D:8)
  A water moccasin (D:5)
  4 orc warriors
  An ogre (D:8)
  An ice beast (D:5)
  2 sky beasts (D:6)
  4 centaurs
  3 kobold brigands
  A phantom (D:6)
  4 bullfrogs
  A scorpion (D:6)
  5 killer bees (D:9)
  2 howler monkeys (D:9)
  A gnoll bouda (D:7)
  3 jellies
  4 orc priests
  3 hounds
  7 orc wizards
  2 iguanas
  7 adders
  9 gnolls
  A white imp (D:6)
  An ufetubus (D:4)
  A worm (D:3)
  3 dart slugs
  23 orcs
  8 ball pythons
  7 bats
  5 endoplasms
  3 giant cockroaches
  8 goblins
  5 hobgoblins
  6 quokkas
  5 frilled lizards
  20 kobolds
  4 rats
167 creatures vanquished.

Vanquished Creatures (others)
  A sleepcap (D:7)
1 creature vanquished.

Grand Total: 168 creatures vanquished

Notes
Turn   | Place    | Note
-------+----------+-------------------------------------------
     0 | D:1      | Mesmaeker13 the Barachi Hunter began the quest for the Orb.
     0 | D:1      | Reached XP level 1. HP: 17/17 MP: 1/1
   110 | D:1      | Reached XP level 2. HP: 23/23 MP: 2/2
   645 | D:1      | Reached XP level 3. HP: 23/29 MP: 3/3
   956 | D:2      | Found Fanaam's Antique Armour Emporium.
  1023 | D:2      | Reached XP level 4. HP: 31/35 MP: 4/4
  1928 | D:3      | Reached XP level 5. HP: 42/42 MP: 5/5
  2200 | D:3      | Found a shimmering altar of Xom.
  2223 | D:3      | Found a white marble altar of Elyvilon.
  2247 | D:3      | Found Yqicukef's Antique Armour Boutique.
  2253 | D:3      | Bought a dyed leather armour for 100 gold pieces
  2387 | D:3      | Identified the +7 war axe of Malaise {flame, +Blink rF+ rN+
                  | MP-9 SInv}
  2473 | D:4      | Found a blossoming altar of Fedhas.
  2901 | D:4      | Found a staircase to the Ecumenical Temple.
  3021 | D:4      | Reached skill level 5 in Ranged Weapons
  3072 | Temple   | Entered the Ecumenical Temple
  3298 | D:4      | Became a worshipper of Fedhas Madash
  3305 | D:5      | Entered Level 5 of the Dungeon
  3358 | D:5      | Noticed a centaur
  3371 | D:5      | Killed a centaur
  3372 | D:5      | Reached skill level 1 in Axes
  3372 | D:5      | Reached XP level 6. HP: 15/49 MP: 0/6
  3780 | D:5      | Noticed a water moccasin
  3786 | D:5      | Killed a water moccasin
  3787 | D:5      | Reached skill level 5 in Fighting
  3787 | D:5      | Reached XP level 7. HP: 56/56 MP: 0/7
  3914 | D:5      | Found a hide-covered altar of Uskayaw.
  3941 | D:5      | Reached skill level 5 in Dodging
  4355 | D:6      | Found a sacrificial altar of Ru.
  4422 | D:6      | Reached skill level 1 in Armour
  4541 | D:6      | Reached XP level 8. HP: 55/64 MP: 0/8
  4721 | D:6      | Found a bloodstained altar of Trog.
  4734 | D:6      | You fall into a shaft and drop 2 floors!
  5270 | D:6      | Found Gozag's Platinum Reserve.
  5272 | D:6      | Found an opulent altar of Gozag.
  5292 | D:6      | Reached * piety under Fedhas
  6033 | D:7      | Reached skill level 5 in Axes
  6053 | D:7      | Reached XP level 9. HP: 62/72 MP: 0/9
  6220 | D:7      | Found an iron altar of Okawaru.
  6602 | D:7      | Got the Spellbook of the Geodesic
  7137 | D:8      | Reached skill level 1 in Invocations
  7256 | D:8      | Found a shadowy altar of Dithmenos.
  7256 | D:8      | Found a hazy altar of Hepliaklqana.
  7432 | D:8      | Found a glowing silver altar of Zin.
  7656 | D:9      | Reached ** piety under Fedhas
  7670 | D:9      | Reached skill level 5 in Armour
  8097 | D:9      | Found Xeagouf's Assorted Antiques.
  8182 | D:9      | Found Uniquj's Magic Scroll Emporium.
  8200 | D:9      | Bought a scroll of identify for 26 gold pieces
  8761 | D:9      | Found Guekoe's Antique Armour Shoppe.
  8783 | D:9      | HP: 3/75 [wraith (9)]
  8785 | D:9      | Slain by a wraith

Illustrated notes

Levels and vault maps discovered:
D:1:      eino_arrival_cavern_d, layout_loops_ring
D:2:      cheibrodos_helix_gallery, layout_basic, serial_shops,
          nicolae_shop_dealshenge, minmay_stone_trees_small,
          kennysheep_generic_room_4
D:3:      layout_loops_ring, xom_confusion_cloud, mainiacjoe_overflow_paths,
          serial_shops, shop
D:4:      layout_loops_ring, mainiacjoe_overflow_boulevard,
          minmay_temple_entry_mini_moons
D:5:      layout_cave_pools, eat_drink_and_be_merry_uskayaw,
          chequers_serial_rivers_micro_a
D:6:      layout_basic, nicolae_gozag_zags_fifth_avenue,
          mainiacjoe_overflow_catch_the_wave, minmay_strange_pillars
D:7:      layout_layer_cave, general_overflow_altar
D:8:      layout_loops_ring, riverfiend_overflow_shadow_ancestor,
          zin_scriptorium, grunt_ogre_cave
D:9:      layout_roguey, lemuel_mausoleum_altar_kikubaaqudgha,
          nicolae_tso_swordbearing_angel, serial_shops, shop, shop, shop,
          kennysheep_mini, hangedman_abyss_or_decor_passed,
          hellmonk_bongcloud_opening, grunt_decor_junction, grunt_ministairs_10
Temple:   jpeg_temple_island

Skill      XL: |  1  2  3  4  5  6  7  8  9 |
---------------+----------------------------+-----
Fighting       | 3 4 5 6 7 8 |  8.7
Dodging        | 3 4 5 |  5.1
Ranged Weapons | 5 6 7 8 |  8.0
Axes           | 1 2 3 5 |  5.2
Armour         | 1 4 6 |  6.2
Invocations    | 3 |  3.1
Stealth        | |  0.8

Action                     |  1- 3 |  4- 6 |  7- 9 || total
---------------------------+-------+-------+-------++-------
  Melee: War axe           |       |    33 |   145 ||   178
         Punch             |       |       |     3 ||     3
   Fire: Shortbow          |    84 |   108 |   150 ||   342
Ability: Hop               |     1 |       |       ||     1
  Evoke: Wand              |       |       |    17 ||    17
    Use: Scroll            |       |       |     7 ||     7
         Potion            |       |       |     1 ||     1
   Stab: Paralysed         |       |       |     4 ||     4
 Armour: Leather armour    |    10 |    23 |    58 ||    91
  Dodge: Dodged            |    25 |    55 |   167 ||   247
